 Dungeon Crawl Stone Soup version 0.27.0-1-g7a089689b8 (webtiles) character file.

Game seed: 837283183269801498

4 theswoord the Twirler (level 1, 0/16 HPs)
             Began as a Demonspawn Gladiator on Aug 7, 2021.
             Frozen to death by an endoplasm (3 damage)
             ... on level 1 of the Dungeon.
             The game lasted 00:00:10 (207 turns).

theswoord the Twirler (Demonspawn Gladiator)         Turns: 207, Time: 00:00:11

Health: 0/16       AC:  4    Str: 14    XL:     1   Next: 50%
Magic:  1/1        EV: 12    Int:  9    God:
Gold:   0          SH:  0    Dex: 14    Spells: 0/0 levels left

rFire    . . .     SeeInvis .   a - +0 quarterstaff
rCold    . . .     Faith    .   (shield currently unavailable)
rNeg     . . .     Spirit   .   b - +0 leather armour
rPois    .         Reflect  .   c - +0 helmet
rElec    .         Harm     .   (no cloak)
rCorr    .         Rampage  .   (no gloves)
Will     .....                  (no boots)
Stlth    +.........             (no amulet)
HPRegen  0.05/turn              (no ring)
MPRegen  0.07/turn              (no ring)

@: no status effects
A: no striking features
a: no special abilities


You were on level 1 of the Dungeon.
You visited 1 branch of the dungeon, and saw 1 of its levels.

Inventory:

Hand Weapons
 a - a +0 quarterstaff (weapon)
Missiles
 d - 3 throwing nets (quivered)
Armour
 b - a +0 leather armour (worn)
 c - a +0 helmet (worn)
Potions
 e - a potion of curing {unknown}


   Skills:
 - Level 2.0 Fighting
 + Level 3.0 Staves
 - Level 1.7 Throwing
 - Level 2.6 Dodging


You couldn't memorise any spells.
You didn't know any spells.
Your spell library was empty.

Dungeon Overview and Level Annotations

Branches:
Dungeon (1/15)

Altars:

Shops:
D:1 *


Message History

e - a red potion An endoplasm comes into view.
An endoplasm is nearby!
A frilled lizard and a ball python come into view.
The endoplasm quivers.
Found Gexaji Tall's General Store.
The ball python hisses angrily.
Found a hunting sling.
The frilled lizard bites you but does no damage.
You barely miss the frilled lizard. The frilled lizard barely misses you.
The endoplasm freezes you.
You are frozen.
You barely miss the frilled lizard. The ball python closely misses you.
The ball python grabs you. The ball python constricts you.
The frilled lizard bites you. The endoplasm closely misses you.
The ball python bites you. The ball python constricts you.
The frilled lizard bites you but does no damage.
You closely miss the ball python. The endoplasm closely misses you.
The ball python closely misses you. The ball python constricts you.
The frilled lizard bites you.
The endoplasm hits you but does no damage.
You hit the ball python.
You kill the ball python!
The frilled lizard closely misses you. The endoplasm freezes you.
You are frozen.
* * * LOW HITPOINT WARNING * * *
You closely miss the frilled lizard. The frilled lizard bites you.
* * * LOW HITPOINT WARNING * * *
You thump the frilled lizard!
You kill the frilled lizard!
Your Staves skill increases to level 3!
You hit the endoplasm but do no damage. The endoplasm freezes you.
You are frozen.
* * * LOW HITPOINT WARNING * * *
You hit the endoplasm but do no damage. The endoplasm freezes you.
You are frozen.
You die...

.. #.. .... #####....
#############........
#.......:...#........ ..
#...........#.......# ...
#...........#.....∩.# ...
+..........@J.†...... #.#
##...........#........
#.###............#)...####
.................#....#
.................#....#
.................#....#
...................##..
.....########......# ..#
###.## ..


You could see an endoplasm.

Vanquished Creatures
  2 endoplasms (D:1)
  A ball python (D:1)
  A frilled lizard (D:1)
4 creatures vanquished.

Notes
Turn   | Place    | Note
-------+----------+-------------------------------------------
     0 | D:1      | theswoord the Demonspawn Gladiator began the quest for the
                  | Orb.
     0 | D:1      | Reached XP level 1. HP: 16/16 MP: 1/1
   195 | D:1      | Found Gexaji Tall's General Store.
   206 | D:1      | Reached skill level 3 in Staves
   207 | D:1      | Frozen to death by an endoplasm

Skill      XL: |  1 |
---------------+----+-----
Staves         | 3 |  3.0
Fighting       | |  2.0
Throwing       | |  1.7
Dodging        | |  2.6

Action                   || total
-------------------------++-------
Melee: Quarterstaff      ||    13
 Stab: Sleeping          ||     1
Armor: Leather armour    ||     3
Dodge: Dodged            ||     7

Levels and vault maps discovered:
D:1:      dpeg_arrival_concentric_ovals, layout_basic,
          shapermc_ecumenical_altar_hornbeckon, serial_forest,
          infiniplex_forest_lined_1, infiniplex_forest_clump_small,
          infiniplex_forest_corner_1, infiniplex_forest_clump_diagonal,
          infiniplex_forest_lined_room_2, infiniplex_forest_clump_curved,
          serial_shops, shop
